 Dungeon Crawl Stone Soup version 0.28-a0-998-gb9e9c7b67e (webtiles) character file.

Game seed: 9084001699278391318

4496 demibob the Cleaver (level 10, -2/67 HPs)
             Began as a Demonspawn Wanderer on Dec 6, 2021.
             Was an Initiate of Gozag.
             Slain by a komodo dragon (24 damage)
             ... on level 1 of the Lair of Beasts.
             The game lasted 00:18:30 (10548 turns).

demibob the Cleaver (Demonspawn Wanderer)          Turns: 10548, Time: 00:18:30

Health: -2/67      AC: 18    Str: 16    XL:     10   Next: 16%
Magic:  14/14      EV: 13    Int: 14    God:    Gozag
Gold:   831        SH:  5    Dex: 13    Spells: 15/15 levels left

rFire   + . .      SeeInvis .   a - +0 spear (vorpal)
rCold   . . .      Faith    .   (no shield)
rNeg    . . .      Spirit   .   u - +0 chain mail
rPois   .          Reflect  +   (no helmet)
rElec   .          Harm     .   (no cloak)
rCorr   +          Rampage  .   o - +1 pair of gloves
Will    +....                   g - +1 pair of boots "Moxzuegy" {Slay+2}
Stlth   ..........              s - amulet of reflection
HPRegen 0.21/turn               T - +4 ring of protection
MPRegen 0.14/turn               b - ring of the First Artists {rF+ Will+ rCorr EV+4}

@: no status effects
A: hooves 2, demonic guardian 1, powered by pain 1, sturdy frame 2
a: Renounce Religion, Potion Petition, Call Merchant, Bribe Branch


You were on level 1 of the Lair of Beasts.
You worshipped Gozag.
Gozag was pleased with you.
You visited 3 branches of the dungeon, and saw 10 of its levels.

You collected 924 gold pieces.
You paid 93 gold pieces to Gozag.


Innate Abilities, Weirdness & Mutations

You have hoof-like feet.
A weak demonic guardian rushes to your aid.
You sometimes gain a little power by taking damage.
Your movements are less encumbered by armour. (ER -4)


   Skills:
 + Level 1.7 Fighting
 * Level 10.3(11.0) Axes
 - Level 5.8(8.9) Polearms
 - Level 1.0 Throwing
 - Level 6.3 Armour
 - Level 1.0 Dodging
 - Level 2.6 Stealth
 - Level 3.0 Spellcasting


You had 15 spell levels left.
You didn't know any spells.
Your spell library contained the following spells:

 Spells                   Type           Power      Damage    Failure   Level
 Blink                    Tloc           4%         N/A       78%         2
 Ensorcelled Hibernation  Hex/Ice        4%         N/A       78%         2
 Passwall                 Tmut/Erth      1%         N/A       78%         2
 Spider Form              Tmut/Pois      2%         N/A       95%         3
 Swiftness                Air            2%         N/A       95%         3
 Manifold Assault         Tloc           2%         N/A       100%        5
 Dispersal                Tloc           1%         N/A       100%        6
 Storm Form               Tmut/Air       1%         N/A       100%        7
 Disjunction              Tloc           1%         N/A       100%        8
 Chain Lightning          Conj/Air       1%         3d1       100%        9
 Fire Storm               Conj/Fire      1%         7d1       100%        9
 Shatter                  Erth           1%         3d5*      100%        9

Inventory:

Hand Weapons
 a - a +0 vorpal spear (weapon)
 d - a +0 dagger
Missiles
 f - 23 poisoned darts (quivered)
Armour
 g - the +1 pair of boots "Moxzuegy" (worn) {Slay+2}
   (You found it on level 5 of the Dungeon)

   Slay:      It affects your accuracy & damage with ranged weapons and melee
   (+2).
 j - a scarf of shadows
 o - a +1 pair of gloves (worn)
 u - a +0 chain mail (worn)
Jewellery
 b - the ring of the First Artists (right hand) {rF+ Will+ rCorr EV+4}
   (You acquired it on level 2 of the Dungeon)

   [ring of evasion]

   EV:        It affects your evasion (+4).
   rF:        It protects you from fire.
   rCorr:     It protects you from acid and corrosion.
   Will:      It increases your willpower.
 i - an amulet of guardian spirit
 s - an amulet of reflection (around neck)
 C - a ring of protection from cold
 D - a +6 ring of dexterity
 N - a ring of positive energy
 T - a +4 ring of protection (left hand)
Scrolls
 l - 3 scrolls of identify {@r1}
 n - 2 scrolls of magic mapping
Potions
 c - 2 potions of ambrosia
 h - 2 potions of mutation
 k - a potion of brilliance
 m - a potion of flight {unknown}

Dungeon Overview and Level Annotations

Branches:
Dungeon (8/15)             Temple (1/1) D:6            Lair (1/6) D:8

Altars:
Ashenzari
Dithmenos
Elyvilon
Fedhas
Gozag
Hepliaklqana
Kikubaaqudgha
Makhleb
Nemelex Xobeh
Okawaru
Qazlal
Ru
Sif Muna
Uskayaw
Xom
Yredelemnul
Zin
The Shining One

Shops:
D:2 ( D:4

[ ....#.#...#........
#...........#(..#........
#.........#.#.8.#.#......
#.....# #........# .###P
. #.....#####.#.....# #
..##.....##..##.....##
.........##...#..#+.#.#
......(..#.....+l.....# $
#..)<.###+.#.@.....#
#.....###.###.......#
#..................##
#......................
........................
###.###########.######P#
## ### ##


You could see a komodo dragon.


Message History

The komodo dragon is heavily wounded.
The komodo dragon bites you.
You hit the komodo dragon but do no damage.
The komodo dragon is heavily wounded.
The komodo dragon bites you!
* * * LOW HITPOINT WARNING * * *
You hit the komodo dragon.
The komodo dragon is severely wounded.
You hit the komodo dragon but do no damage.
The komodo dragon is severely wounded.
You block the komodo dragon's attack.
You hit the komodo dragon.
The komodo dragon is almost dead.
You block the komodo dragon's attack.
You barely miss the komodo dragon.
The komodo dragon is almost dead.
You hit the komodo dragon but do no damage.
The komodo dragon is almost dead.
The komodo dragon bites you!
* * * LOW HITPOINT WARNING * * *
You hit the komodo dragon.
The komodo dragon is almost dead.
The komodo dragon closely misses you.
You hit the komodo dragon but do no damage.
The komodo dragon is almost dead.
You hit the komodo dragon.
The komodo dragon is almost dead.
The komodo dragon bites you!!
You die...
Your body crumbles into a pile of gold.

Skill      XL: |  1  2  3  4  5  6  7  8  9 |
---------------+----------------------------+-----
Polearms       | 2 3 4 5 |  5.8
Axes           | 1 2 3 4 5 7 10 | 10.3
Armour         | 1 4 6 |  6.3
Fighting       | |  1.7
Throwing       | |  1.0
Dodging        | |  1.0
Stealth        | |  2.6
Spellcasting   | |  3.0

Action                   |  1- 3 |  4- 6 |  7- 9 | 10-12 || total
-------------------------+-------+-------+-------+-------++-------
Melee: Spear             |   130 |   230 |   612 |   135 ||  1107
       Kick              |    13 |    41 |       |       ||    54
Throw: Dart              |       |       |     2 |    16 ||    18
       Throwing net      |       |       |     1 |       ||     1
Evoke: Wand              |       |       |     6 |       ||     6
  Use: Potion            |     3 |       |     5 |       ||     8
       Scroll            |       |    10 |    11 |     6 ||    27
 Stab: Sleeping          |     4 |     7 |     2 |       ||    13
       Distracted        |       |     2 |     4 |       ||     6
Armor: Leather armour    |    25 |    56 |    84 |       ||   165
       Skin              |     5 |       |     1 |       ||     6
       Chain mail        |       |       |    78 |    23 ||   101
Dodge: Dodged            |    43 |   103 |   336 |    36 ||   518
Block: Other             |       |       |    76 |    21 ||    97
       Reflection        |       |       |     4 |       ||     4

Levels and vault maps discovered:
D:1:      lemuel_arrival_lava_pool, layout_basic, nicolae_wormholes
D:2:      layout_basic, serial_shops, nicolae_shop_behind_doors, minmay_ruptured
D:3:      layout_loops_corners, shapermc_ecumenical_altar_totnotflames,
          kennysheep_small_spiral
D:4:      layout_basic, serial_shops, nicolae_take_the_stairs,
          kennysheep_generic_room_4
D:5:      layout_layer_cave, mainiacjoe_overflow_concentric_impassable,
          moated_statue, hangedman_decor_growths
D:6:      layout_loops_corners, nicolae_sif_muna_condensation,
          mainiacjoe_overflow_alcove_3, minmay_temple_entry_drinking_statues
D:7:      layout_basic, mainiacjoe_overflow_alcove_1, hangedman_feature_mirror,
          glass_columns_a
D:8:      layout_loops_ring, nicolae_tso_carved_into_rock, okawaru_humans,
          lair_entry_dummy, lightli_church_of_beogh
Temple:   minmay_temple_forest_path
Lair:1:   layout_regular_city, grunt_forest_large_clearings,
          serial_bayou_shore_b, grunt_megastairs_1, lemuel_fruit_tree

Notes
Turn   | Place    | Note
-------+----------+-------------------------------------------
     0 | D:1      | demibob the Demonspawn Wanderer began the quest for the
                  | Orb.
     0 | D:1      | demibob set off with the following items: a +0 spear, a
                  | potion of curing {@q1}, a +2 leather armour, a +0 dagger
     0 | D:1      | Reached XP level 1. HP: 15/15 MP: 4/4
   417 | D:1      | Reached skill level 2 in Polearms
   417 | D:1      | Gained mutation: Your movements are slightly less
                  | encumbered by armour. (ER -2) [demonic ancestry]
   417 | D:1      | Reached XP level 2. HP: 18/21 MP: 6/6
  1185 | D:2      | Gained mutation: You have large cloven feet. [demonic
                  | ancestry]
  1185 | D:2      | Reached XP level 3. HP: 26/26 MP: 7/7
  1247 | D:2      | Found Adow's Weapon Shoppe.
  1303 | D:2      | Reached skill level 3 in Polearms
  1661 | D:2      | Reached skill level 1 in Axes
  1815 | D:2      | Gained mutation: You have hoof-like feet. [demonic
                  | ancestry]
  1815 | D:2      | Reached XP level 4. HP: 32/32 MP: 8/8
  1972 | D:2      | Identified a scroll of acquirement
  1972 | D:2      | Acquired the ring of the First Artists {rF+ Will+ rCorr
                  | EV+4}
  2090 | D:3      | Found a faded altar of an unknown god.
  3164 | D:4      | Noticed a scorpion
  3186 | D:4      | Killed a scorpion
  3187 | D:4      | Reached skill level 2 in Axes
  3187 | D:4      | Gained mutation: You sometimes gain a little power by
                  | taking damage. [demonic ancestry]
  3187 | D:4      | Reached XP level 5. HP: 20/37 MP: 3/9
  3311 | D:4      | Found Ruchu's Armour Shoppe.
  3319 | D:4      | Reached skill level 4 in Polearms
  3419 | D:4      | Noticed an ogre
  3439 | D:4      | Killed an ogre
  3440 | D:4      | Reached skill level 3 in Axes
  3444 | D:4      | Reached XP level 6. HP: 38/43 MP: 7/10
  4101 | D:5      | Entered Level 5 of the Dungeon
  4132 | D:5      | Identified the +1 pair of boots "Moxzuegy" {Slay+2}
  4241 | D:5      | Reached skill level 5 in Polearms
  4284 | D:5      | Found a shimmering altar of Xom.
  4304 | D:5      | Reached skill level 4 in Axes
  4315 | D:5      | Gained mutation: A weak demonic guardian rushes to your
                  | aid. [demonic ancestry]
  4315 | D:5      | Reached XP level 7. HP: 47/48 MP: 11/11
  4909 | D:6      | Found a staircase to the Ecumenical Temple.
  4919 | Temple   | Entered the Ecumenical Temple
  5086 | Temple   | Became a worshipper of Gozag Ym Sagoz the Greedy
  5213 | D:6      | Reached skill level 5 in Axes
  5494 | D:6      | Reached skill level 1 in Armour
  5533 | D:6      | Reached XP level 8. HP: 43/54 MP: 10/12
  5743 | D:6      | Reached skill level 6 in Axes
  5743 | D:6      | Reached skill level 2 in Armour
  5771 | D:6      | Found a shimmering blue altar of Sif Muna.
  6301 | D:6      | Reached skill level 3 in Armour
  6430 | D:6      | Found a stormy altar of Qazlal.
  6433 | D:6      | Found a burning altar of Makhleb.
  6434 | D:6      | Found a basalt altar of Yredelemnul.
  7011 | D:7      | Noticed a kobold demonologist
  7127 | D:7      | Reached skill level 7 in Axes
  7412 | D:7      | Reached skill level 4 in Armour
  7665 | D:7      | Reached XP level 9. HP: 33/59 MP: 13/13
  8020 | D:7      | Found a sparkling altar of Nemelex Xobeh.
  8068 | D:7      | Reached skill level 8 in Axes
  8194 | D:7      | Found a burning altar of Makhleb.
  8195 | D:7      | Noticed a two-headed ogre
  8214 | D:7      | Killed a two-headed ogre
  8215 | D:7      | Reached skill level 5 in Armour
  8250 | D:7      | Noticed a kobold demonologist
  8262 | D:7      | Noticed a hellwing
  8267 | D:7      | Killed a kobold demonologist
  8268 | D:7      | Reached skill level 9 in Axes
  8579 | D:8      | Reached skill level 6 in Armour
  8587 | D:8      | Noticed a white ugly thing
  8917 | D:7      | Noticed a rust devil
  8919 | D:7      | Killed a kobold demonologist
  8920 | D:7      | Reached skill level 10 in Axes
  8920 | D:7      | Gained mutation: Your movements are less encumbered by
                  | armour. (ER -4) [demonic ancestry]
  8920 | D:7      | Reached XP level 10. HP: 63/65 MP: 14/14
  9119 | D:7      | Found a blossoming altar of Fedhas.
 10174 | D:8      | Found a staircase to the Lair.
 10207 | D:8      | Found an iron altar of Okawaru.
 10490 | Lair:1   | Entered Level 1 of the Lair of Beasts
 10548 | Lair:1   | Slain by a komodo dragon

Vanquished Creatures
  A two-headed ogre (D:7)
  2 kobold demonologists (D:7)
  A wyvern (D:7)
  3 yaks (D:8)
  A wraith (D:7)
  A vampire mosquito (D:7)
  2 orc warriors
  A sky beast (D:6)
  An ice beast (D:6)
  2 necrophages
  3 ogres
  2 centaurs
  A phantom (D:5)
  2 kobold brigands (D:7)
  A bullfrog (D:8)
  A wyvern zombie (D:7)
  2 scorpions
  4 wights (D:8)
  3 centaur zombies
  A hound (D:6)
  A jelly (D:5)
  2 bullfrog skeletons
  3 centaur skeletons
  A gnoll shaman (D:5)
  2 orc wizards
  A scorpion zombie (D:5)
  2 hound skeletons
  21 gnolls
  7 adders
  A shadow imp (D:6)
  A white imp (D:5)
  An ufetubus (D:4)
  3 adder skeletons (D:4)
  5 worms
  2 dart slugs
  16 orcs
  4 bats
  5 endoplasms
  4 giant cockroaches
  9 goblins
  3 hobgoblins (D:2)
  14 kobolds
  3 quokkas
  11 ball pythons
  2 frilled lizards
  7 rats
166 creatures vanquished.

Vanquished Creatures (collateral kills)
  A steam dragon (D:7)
1 creature vanquished.

Grand Total: 167 creatures vanquished

Table legend: (Time is in decaauts)
 A = Elapsed time spent in this place.
 B = Non-inter-level travel time spent in this place.
 C = Inter-level travel time spent in this place.
 D = Time resting spent in this place.
 E = Time spent auto-exploring this place.
 F = Levels seen in this place.
 G = Mean time per level.
                   A        B        C        D        E       F      G
               +--------+--------+--------+--------+--------+-----+--------+
         Total |  10324 |   9799 |    525 |   2072 |   5844 |  10 | 1032.4 |
       Dungeon |  10065 |   9584 |    481 |   2072 |   5670 |   8 | 1258.1 |
        Temple |    209 |    167 |     42 |      0 |    154 |   1 |  209.0 |
          Lair |     49 |     49 |      0 |      0 |     20 |   1 |   49.0 |
               +--------+--------+--------+--------+--------+-----+--------+

Top non-repeatable levels by time:
     D:7: 2169 daAuts
     D:6: 1637 daAuts
     D:8: 1409 daAuts
     D:1: 1174 daAuts
     D:3: 1067 daAuts
     D:4: 992 daAuts
     D:2: 840 daAuts
     D:5: 774 daAuts
  Temple: 209 daAuts
  Lair:1: 49 daAuts

Table legend:
 A = Non-vault XP
 B = Vault XP
 C = Vault XP percentage of total XP
 D = Non-vault monster count
 E = Vault monster count
 F = Vault count percentage of total count
                 A         B        C        D         E       F
            +---------+---------+-------+---------+---------+-------
      Total |    5358 |    1065 |  16.6 |     160 |       7 |   4.2
            +---------+---------+-------+---------+---------+-------
        D:1 |      27 |      10 |  27.0 |      15 |       2 |  11.8
        D:2 |      63 |       4 |   6.0 |      20 |       2 |   9.1
        D:3 |      37 |       0 |   0.0 |      12 |       0 |   0.0
        D:4 |     367 |      39 |   9.6 |      26 |       1 |   3.7
        D:5 |     593 |       0 |   0.0 |      23 |       0 |   0.0
        D:6 |     842 |       0 |   0.0 |      21 |       0 |   0.0
        D:7 |    2180 |    1012 |  31.7 |      29 |       2 |   6.5
        D:8 |    1249 |       0 |   0.0 |      14 |       0 |   0.0
            +---------+---------+-------+---------+---------+-------
